 Dungeon Crawl Stone Soup version 0.17-a0-1798-g879a7aa (webtiles) character file.

4047 Toorhetto the Protected (level 10, -4/136 HPs)
             Began as a Minotaur Berserker on Sept 10, 2015.
             Was an Elder of Trog.
             Slain by a brown ugly thing (11 damage)
             ... on level 11 of the Dungeon on Sept 11, 2015.
             The game lasted 01:05:39 (12032 turns).

Toorhetto the Protected (Minotaur Berserker)       Turns: 12032, Time: 01:05:39

Health: -4/136     AC:  4    Str: 30    XL:     10   Next: 4%
Magic:  9/9        EV: 11    Int:  4    God:    Trog [****..]
Gold:   344        SH:  0    Dex: 10    Spells: 0 memorised, 9 levels left

rFire  . . .     SeeInvis .     a - +0 spear
rCold  . . .     Clarity  .     m - +0 chain mail
rNeg   . . .     SustAt   .     (no shield)
rPois  .         Gourm    .     (helmet restricted)
rElec  .         Spirit   .     (no cloak)
rCorr  .         Warding  .     (no gloves)
rMut   .         Stasis   .     (no boots)
MR     .....                    (no amulet)
Stlth  ..........               (no ring)
                                (no ring)

@: berserking, corroded equipment, very quick, not resistant to hostile
enchantments, extremely unstealthy
A: retaliatory headbutt, horns 2
a: Burn Spellbooks, Berserk, Trog's Hand, Brothers in Arms, Renounce Religion


You were on level 11 of the Dungeon.
You worshipped Trog.
Trog was greatly pleased with you.
You were not hungry.

You visited 1 branch of the dungeon, and saw 9 of its levels.

You collected 344 gold pieces.

Inventory:

Hand weapons
 a - a +0 spear (weapon)
 C - a cursed -1 shortbow
Missiles
 e - 18 sling bullets
 h - 297 stones (quivered)
 D - 94 arrows
Armour
 b - a +0 animal skin
 m - a +0 chain mail (worn)
 u - a +2 pair of gloves of dexterity
 F - a +0 chain mail
 J - a +0 scale mail
Jewellery
 n - an uncursed ring of stealth {unknown}
 I - an uncursed ring of ice {unknown}
Magical devices
 G - a wand of frost (19)
Scrolls
 f - 2 scrolls of fog {unknown}
 k - 3 scrolls of teleportation {unknown}
 l - a scroll of recharging {unknown}
 o - 3 scrolls of fear {unknown}
 r - 2 scrolls of magic mapping {unknown}
 v - 4 scrolls of immolation {unknown}
 w - 2 scrolls of remove curse
 x - 5 scrolls of identify {unknown}
 y - a scroll of enchant weapon {unknown}
 A - a scroll of random uselessness {unknown}
 B - 3 scrolls of amnesia {unknown}
 H - a scroll of blinking {unknown}
Potions
 d - 2 potions of brilliance {unknown}
 g - a potion of ambrosia {unknown}
 i - 4 potions of heal wounds {unknown}
 j - 2 potions of mutation {unknown}
 p - 2 potions of cancellation {unknown}
 s - 4 potions of curing {unknown}
 t - 2 potions of flight {unknown}
 z - a potion of lignification {unknown}
 E - 5 potions of haste
 K - a potion of might {unknown}
Books
 c - a book of Alchemy

   Spells                             Type                      Level
   a - Sublimation of Blood           Necromancy                   2
   b - Ignite Poison                  Fire/Transmutation/Poison    3
   c - Alistair's Intoxication        Transmutation/Poison         4
   d - Condensation Shield            Ice                          4
   e - Petrify                        Transmutation/Earth          4
   f - Irradiate                      Conjuration/Transmutation    5
   Trog disapproves of the use of such an item.
Comestibles
 q - a meat ration
 L - 3 bread rations
 M - 6 beef jerkies


   Skills:
 + Level 9.0 Fighting
 + Level 9.0 Polearms
 + Level 11.0 Armour
 + Level 6.3 Dodging
 + Level 1.5 Stealth


You had 9 spell levels left.
You didn't know any spells.

Dungeon Overview and Level Annotations

Branches:
Dungeon (11/15)            Temple (0/1) D:4
   Lair: D:8-11         Orc: D:9-12

Altars:
Ashenzari
Dithmenos
Nemelex Xobeh
Qazlal

Shops:
D:6 %   D:8 :


Innate Abilities, Weirdness & Mutations

You reflexively headbutt those who attack you in melee.
You have a pair of horns on your head.


Message History

The brown ugly thing is severely wounded.
You hit the brown ugly thing.
Your headbutt misses the brown ugly thing.
The brown ugly thing is severely wounded.
The brown ugly thing headbutts you!
* * * LOW HITPOINT WARNING * * *
You are splashed with acid!
The acid burns!
* * * LOW HITPOINT WARNING * * *
You are too berserk!
You feel a strong urge to attack something.
The brown ugly thing headbutts you!
* * * LOW HITPOINT WARNING * * *
You are splashed with acid!
The acid burns!
* * * LOW HITPOINT WARNING * * *
You hit the brown ugly thing.
The brown ugly thing is severely wounded.
You puncture the brown ugly thing!
The brown ugly thing is almost dead.
The brown ugly thing headbutts you!
You die...

....# #### ....#####
.........#####.......#
.........#...........#
.........#...........#
.........# .........#
.........#####.......#
.................#
.............@u..#
...........))....#
...#........))...#
#...))#..(#####
#...).#...#
#.....#...#
#######...# #...#
#...#


You could see a brown ugly thing.

Vanquished Creatures
  An ugly thing (D:11)
  Grinder (D:6)
  A hippogriff (D:7)
  A water moccasin (D:5)
  Edmund (D:5)
  A sky beast (D:8)
  An ice beast (D:8)
  5 orc warriors
  2 ogres
  4 centaurs
  A big kobold (D:8)
  Blork the orc (D:6)
  A water moccasin skeleton (D:5)
  5 giant frogs
  3 scorpions
  3 crimson imps
  The ghost of asdu the Magician, a weakling DEFE (D:4)
  3 hounds
  2 jellies
  A wasp zombie (D:8)
  A giant frog zombie (D:5)
  A giant frog skeleton (D:6)
  5 orc priests
  Ijyb (D:3)
  6 orc wizards
  2 centaur skeletons (D:7)
  3 iguanas
  5 worker ants
  Natasha (thrice) (D:3)
  A hound zombie (D:6)
  3 hound skeletons
  9 adders
  2 shadow imps
  An adder skeleton (D:8)
  3 worms
  6 giant geckos
  33 orcs
  8 goblins
  7 hobgoblins
  5 jackals (D:2)
  4 quokkas
  2 ball pythons
  9 bats
  9 giant cockroaches
  A giant newt (D:3)
  21 kobolds
  2 quokka skeletons
  7 rats
199 creatures vanquished.

Vanquished Creatures (others)
  An orc wizard (D:5)
1 creature vanquished.

Grand Total: 200 creatures vanquished

Notes
Turn   | Place    | Note
--------------------------------------------------------------
     0 | D:1      | Toorhetto the Minotaur Berserker began the quest for the Orb.
     0 | D:1      | Reached XP level 1. HP: 19/19 MP: 0/0
   255 | D:1      | Reached skill level 4 in Fighting
   255 | D:1      | Reached XP level 2. HP: 27/27 MP: 1/1
   796 | D:1      | Reached XP level 3. HP: 33/33 MP: 2/2
   830 | D:1      | Acquired Trog's second power
   994 | D:2      | Found a stormy altar of Qazlal.
  1958 | D:3      | Found a shadowy altar of Dithmenos.
  1966 | D:3      | Reached XP level 4. HP: 30/41 MP: 3/3
  2026 | D:3      | Noticed Natasha
  2041 | D:3      | Killed Natasha
  2250 | D:3      | Noticed Natasha
  2258 | D:3      | Killed Natasha
  2347 | D:3      | Noticed Natasha
  2355 | D:3      | Killed Natasha
  2588 | D:3      | Found a sparkling altar of Nemelex Xobeh.
  3003 | D:3      | Reached XP level 5. HP: 35/47 MP: 4/4
  3186 | D:3      | Noticed Ijyb
  3194 | D:3      | Killed Ijyb
  3194 | D:3      | Reached skill level 5 in Polearms
  3331 | D:3      | Noticed an orc warrior
  3344 | D:3      | Killed an orc warrior
  3344 | D:3      | Reached skill level 5 in Fighting
  3344 | D:3      | Reached XP level 6. HP: 23/56 MP: 5/5
  3614 | D:3      | Reached skill level 5 in Armour
  3934 | D:4      | Noticed asdu's ghost (weakling DEFE)
  3948 | D:4      | Killed asdu's ghost
  4475 | D:4      | Found a shattered altar of Ashenzari.
  4702 | D:4      | Found a staircase to the Ecumenical Temple.
  4941 | D:5      | Entered Level 5 of the Dungeon
  5164 | D:5      | Reached skill level 6 in Armour
  5164 | D:5      | Reached XP level 7. HP: 39/61 MP: 6/6
  5660 | D:5      | Noticed a water moccasin
  5674 | D:5      | Killed a water moccasin
  5930 | D:5      | Noticed Edmund
  5960 | D:5      | Killed Edmund
  5960 | D:5      | Reached skill level 7 in Armour
  6250 | D:5      | Reached XP level 8. HP: 68/71 MP: 7/7
  6722 | D:5      | Reached skill level 8 in Armour
  7535 | D:6      | Acquired Trog's third power
  7674 | D:6      | Noticed Blork the orc
  7683 | D:6      | Killed Blork the orc
  7715 | D:6      | Reached skill level 5 in Dodging
  7732 | D:6      | Noticed Grinder
  7734 | D:6      | Paralysed by Grinder for 6 turns
  7743 | D:6      | Paralysed by Grinder for 5 turns
  7774 | D:6      | Killed Grinder
  7774 | D:6      | Reached skill level 9 in Armour
  7774 | D:6      | Reached skill level 1 in Stealth
  8146 | D:6      | Found Plog's Food Shoppe.
  8423 | D:7      | Reached XP level 9. HP: 79/79 MP: 8/8
  9917 | D:7      | Reached skill level 10 in Armour
 10935 | D:8      | Received a gift from Trog
 11303 | D:8      | Found Topah's Book Shoppe.
 11423 | D:8      | You fall through a shaft for 3 floors!
 11426 | D:11     | Noticed a green ugly thing
 11445 | D:11     | Killed a green ugly thing
 11445 | D:11     | Reached skill level 11 in Armour
 11450 | D:11     | Reached XP level 10. HP: 58/91 MP: 9/9
 12013 | D:11     | Noticed a brown ugly thing
 12032 | D:11     | Slain by a brown ugly thing

Vault maps used:
D:1:      dpeg_arrival_snail
D:2:      grunt_qazlal_clouds, uniq_sigmund
D:3:      kennysheep_big_flooded_room, grunt_dithmenos_smoke_and_mirrors,
          nemelex_deck, first_bread, uniq_iyjb, uniq_natasha
D:4:      nicolae_overflow_crystal_walls, minmay_temple_entry_purple_smoke,
          kennysheep_minor_cross
D:5:      kennysheep_generic_room_3, uniq_edmund
D:6:      serial_shops, nicolae_shop_behind_doors, uniq_blork_the_orc,
          uniq_grinder
D:8:      serial_shops, shop, grunt_ogre_cave

Action                   |  1- 3 |  4- 6 |  7- 9 | 10-12 || total
-------------------------+-------+-------+-------+-------++-------
Melee: Spear             |   103 |   192 |   515 |    37 ||   847
Invok: Berserk           |     1 |     4 |     8 |     2 ||    15
  Use: Scroll            |     1 |       |       |       ||     1
  Eat: Chunk             |     2 |     9 |    10 |       ||    21
       Beef jerky        |       |     2 |     1 |       ||     3
       Bread ration      |       |     1 |     2 |       ||     3
       Meat ration       |       |       |     1 |     1 ||     2
       Fruit             |       |       |     1 |       ||     1
       Pizza             |       |       |     1 |       ||     1
